 Dungeon Sprint DCSS version 0.23.2 (webtiles) character file.

Game seed: 8062133781230312242

1719 Groucho the Slinger (level 9, -2/66 HPs)
             Began as a Halfling Wanderer on Apr 10, 2019.
             Was a Priest of Qazlal.
             Slain by a +1 battleaxe of freezing (6 damage)
             ... in the Dungeon (Sprint V: "Ziggurat Sprint").
             The game lasted 00:03:53 (547 turns).

Groucho the Slinger (Halfling Wanderer)              Turns: 547, Time: 00:03:54

Health: -2/66      AC: 29    Str: 29    XL:     9   Next: 24%
Magic:  12/16      EV:  4    Int:  9    God:    Qazlal [***...]
Gold:   0          SH: 35    Dex: 14    Spells: 8/8 levels left

rFire    . . .     SeeInvis .   H - +6 shillelagh "Devastator" {shatter}
rCold    . . .     Gourm    .   G - +18 shield of the Gong {rElec rN+ MR+ EV-5}
rNeg     + . .     Faith    .   F - +15 Maxwell's patent armour {-Cast -Tele rElec MR+ rCorr}
rPois    .         Spirit   .   (no helmet)
rElec    +         Reflect  .   (no cloak)
rCorr    +         Harm     .   (no gloves)
MR       ++...     NoTele   +   (no boots) Stlth ..........NoCast +
                                (no amulet)
HPRegen  0.21/turn              D - +6 ring of strength
MPRegen  0.15/turn              E - +6 ring of strength

@: no status effects
A: small, mutation resistance 1
a: Upheaval, Elemental Force, Renounce Religion


You were in the Dungeon.
You worshipped Qazlal.
Qazlal was most pleased with you.
You were not hungry.

You visited 1 branch

Inventory:

Hand Weapons
 b - a +5 fustibalus
 H - the +6 shillelagh "Devastator" (weapon) {shatter}
   (You found it in the Dungeon)
Missiles
 c - 1000 sling bullets
Armour
 a - +5 gold dragon scales
 F - the +15 Maxwell's patent armour (worn) {-Cast -Tele rElec MR+ rCorr}
   (You found it in the Dungeon)

   It insulates you from electricity.
   It affects your resistance to hostile enchantments.
   It prevents spellcasting.
   It prevents most forms of teleportation.
   It provides partial protection from all sources of acid and corrosion.
 G - the +18 shield of the Gong (worn) {rElec rN+ MR+ EV-5}
   (You found it in the Dungeon)

   It affects your evasion (-5).
   It insulates you from electricity.
   It protects you from negative energy.
   It affects your resistance to hostile enchantments.
Jewellery
 z - a +6 ring of dexterity
 A - a +6 ring of dexterity
 B - a +6 ring of intelligence
 C - a +6 ring of intelligence
 D - a +6 ring of strength (left hand)
 E - a +6 ring of strength (right hand)
Wands
 w - a wand of disintegration (7)
 x - a wand of iceblast (7)
 y - a wand of acid (7)
Scrolls
 d - 4 scrolls of amnesia
 e - 7 scrolls of fog
 l - 4 scrolls of blinking
 m - a scroll of holy word
 n - 5 scrolls of identify
 o - 5 scrolls of remove curse
 p - 2 scrolls of fear
 J - a scroll of brand weapon
Potions
 g - 9 potions of curing
 h - 7 potions of heal wounds
 i - 6 potions of haste
 j - 7 potions of magic
 k - 3 potions of berserk rage
 q - 2 potions of brilliance
 r - 2 potions of invisibility
 s - 4 potions of resistance
 t - a potion of experience
 u - 5 potions of agility
 v - 5 potions of might
Miscellaneous
 K - a fan of gales
Comestibles
 f - 7 rations
 I - 4 chunks of flesh


   Skills:
 + Level 8.2 Fighting
   Level 1.2 Short Blades
 + Level 12.2 Slings
 + Level 9.6 Armour
 - Level 1.1 Dodging
 - Level 1.1 Stealth
 + Level 9.7 Shields
   Level 2.0 Transmutations
   Level 2.0 Air Magic
 + Level 9.6 Invocations


You had 8 spell levels left.
You didn't know any spells.
Your spell library contained the following spells:

 Spells                   Type           Power        Failure   Level  Hunger
 Poisonous Vapours        Pois/Air       #.....       100%        2    ###....
 Swiftness                Chrm/Air       #.......     100%        2    ###....


Dungeon Overview and Level Annotations

Branches:
Dungeon (1/1)

Altars:
Ashenzari
Cheibriados
Dithmenos
Elyvilon
Fedhas
Gozag
Hepliaklqana
Kikubaaqudgha
Makhleb
Nemelex Xobeh
Okawaru
Qazlal
Ru
Sif Muna
Trog
Uskayaw
Vehumet
Wu Jian
Xom
Yredelemnul
Zin
The Shining One
Beogh
Jiyva
Lugonu

Annotations:
D 1 transporter


Innate Abilities, Weirdness & Mutations

You are small and have problems with some larger weapons.
You are somewhat resistant to further mutation.


Message History

BONNNG!
The fire elemental hits you. The fire elemental burns you!
Your Maxwell's patent armour prevents you from hitting the fire elemental.
The fire elemental is heavily damaged.
The +1 battleaxe of freezing hits you but does no damage.
The fire elemental is struck by lightning.
The fire elemental sizzles in the rain.
You block the fire elemental's attack.
BONNNG!
You completely miss the fire elemental.
The fire elemental is heavily damaged.
The fire elemental is struck by lightning.
The fire elemental sizzles in the rain.
You block the fire elemental's attack.
SHROANNG!
The +1 battleaxe of freezing completely misses you.
You block the fire elemental's attack.
GONNNNG!
The +1 battleaxe of freezing hits you!!
* * * LOW HITPOINT WARNING * * *
The +1 battleaxe of freezing freezes you.
You die...

▓..©..▓..©..▓▓▓▓▓▓▓
▓▓▓▓▓▓▓▓▓▓▓▓▓▓
▓..8©8...▓
▓..:=)...▓
▓...=....▓
▓........▓
▓........▓
▓.▓.)E.▓.▓
▓...(@...▓
▓▓▓▓▓▓▓▓▓▓


You could see a fire elemental and a +1 battleaxe of freezing.

Vanquished Creatures
  A dancing weapon (D)
  A deep elf mage (D)
  A jumping spider (D)
  A tarantella (D)
  A steam dragon (D)
  2 swamp drakes (D)
  2 orc wizards (D)
  2 orcs (D)
11 creatures vanquished.

Notes
Turn   | Place    | Note
-------+----------+-------------------------------------------
     0 | D        | Found the +6 Majin-Bo {vamp, Archmagi MP+6 Int+6}
     0 | D        | Found the +7 great mace "Firestarter" {inner flame, rF++}
     0 | D        | Groucho the Halfling Wanderer began the quest for the Orb.
     0 | D        | Groucho set off with the following items: a +0 club, a
                  | scroll of teleportation, a +0 robe, a +0 shield, a ration,
                  | a potion of curing, a potion of heal wounds, a potion of
                  | haste, 2 potions of magic, a potion of berserk rage, a
                  | scroll of blinking; and the following spells available to
                  | memorise: Poisonous Vapours, Swiftness
     0 | D        | Reached XP level 1. HP: 13/13 MP: 1/1
    18 | D        | Found a blossoming altar of Fedhas.
    19 | D        | Found a viscous altar of Jiyva.
    19 | D        | Found a transporter.
    19 | D        | Found a hazy altar of Hepliaklqana.
    19 | D        | Found an ancient bone altar of Kikubaaqudgha.
    19 | D        | Found an opulent altar of Gozag.
    19 | D        | Found a corrupted altar of Lugonu.
    28 | D        | Found a burning altar of Makhleb.
    29 | D        | Found a stormy altar of Qazlal.
    29 | D        | Found a sacrificial altar of Ru.
    29 | D        | Found an iron altar of Okawaru.
    29 | D        | Found a deep blue altar of Sif Muna.
    29 | D        | Found a sparkling altar of Nemelex Xobeh.
    29 | D        | Found a bloodstained altar of Trog.
    51 | D        | Found the +9 heavy crossbow "Sniper" {velocity, Acc+∞ SInv}
    51 | D        | Found the +10 dark maul {crush}
    51 | D        | Found the +15 Maxwell's patent armour {-Cast -Tele rElec
                  | MR+ rCorr}
    51 | D        | Found the +18 shield of the Gong {rElec rN+ MR+ EV-5}
    51 | D        | Found the cursed +14 obsidian axe {chop, +Fly SInv *Curse}
    53 | D        | Found the +6 shillelagh "Devastator" {shatter}
    53 | D        | Found the +11 plutonium sword {*Contam Stlth-}
    53 | D        | Found the +8 lance "Wyrmbane" {slay drac, rPois rF+ rC+
                  | AC+3}
    53 | D        | Found the +9 sword of Zonguldrok {reap}
    53 | D        | Found the cursed +13 scythe of Curses {drain, *Curse}
    53 | D        | Found the +0 sword of Power
    53 | D        | Found the +7 mace of Variability {chain chaos}
    53 | D        | Found the +7 Singing Sword {slice, sonic wave}
    53 | D        | Found the +7 longbow "Piercer" {penet, EV-2}
    87 | D        | Became a worshipper of Qazlal Stormbringer
   100 | D        | Entered arena 2.
   100 | D        | Noticed a jumping spider
   100 | D        | Noticed a tarantella
   100 | D        | Found a transporter.
   108 | D        | Killed a tarantella
   108 | D        | Reached skill level 6 in Slings
   108 | D        | Reached skill level 5 in Shields
   108 | D        | Reached XP level 2. HP: 22/22 MP: 1/5
   108 | D        | Reached XP level 3. HP: 27/27 MP: 1/6
   108 | D        | Reached XP level 4. HP: 33/33 MP: 1/7
   108 | D        | Reached XP level 5. HP: 37/37 MP: 1/8
   109 | D        | Killed a jumping spider
   109 | D        | Reached skill level 5 in Fighting
   109 | D        | Reached skill level 8 in Slings
   109 | D        | Reached XP level 6. HP: 45/45 MP: 1/10
   473 | D        | Entered arena 3.
   473 | D        | Noticed a steam dragon
   473 | D        | Noticed a swamp drake
   473 | D        | Noticed a swamp drake
   473 | D        | Found a transporter.
   483 | D        | Killed a swamp drake
   483 | D        | Reached * piety under Qazlal
   483 | D        | Reached skill level 9 in Slings
   483 | D        | Reached XP level 7. HP: 51/51 MP: 10/12
   488 | D        | Killed a steam dragon
   504 | D        | Entered arena 4.
   504 | D        | Found a transporter.
   508 | D        | Reached ** piety under Qazlal
   508 | D        | Reached skill level 10 in Slings
   525 | D        | Entered arena 5.
   525 | D        | Noticed a +1 battleaxe of freezing
   525 | D        | Noticed a +1 long sword of protection
   525 | D        | Noticed a deep elf mage
   525 | D        | Noticed a fire elemental
   525 | D        | Found a transporter.
   531 | D        | Killed a deep elf mage
   531 | D        | Reached skill level 11 in Slings
   531 | D        | Reached XP level 8. HP: 56/60 MP: 8/14
   540 | D        | Killed a +1 long sword of protection
   540 | D        | Reached *** piety under Qazlal
   540 | D        | Reached skill level 12 in Slings
   540 | D        | Reached XP level 9. HP: 21/66 MP: 10/16
   547 | D        | Slain by a +1 battleaxe of freezing

Skill      XL: |  1  2  3  4  5  6  7  8 |
---------------+-------------------------+-----
Fighting       | 4 5 7 8 |  8.2
Slings         | 6 8 9 11 12 | 12.2
Armour         | 4 6 8 9 |  9.6
Shields        | 5 6 7 8 9 |  9.7
Invocations    | 4 6 8 9 |  9.6
Short Blades   | |  1.2
Dodging        | |  1.1
Stealth        | |  1.1
Transmutations | |  2.0
Air Magic      | |  2.0

Action                   |  1- 3 |  4- 6 |  7- 9 || total
-------------------------+-------+-------+-------++-------
Melee: Shillelagh        |     4 |     7 |    25 ||    36
Invok: Upheaval          |       |       |     1 ||     1
  Use: Potion            |     2 |       |     2 ||     4
Armor: Plate armour      |    11 |     2 |    24 ||    37
Dodge: Dodged            |     1 |     2 |     5 ||     8
Block: Shield            |     9 |    11 |    62 ||    82
